 Dungeon Crawl Stone Soup version 0.22-a0-605-g9281fa2 (webtiles) character file.

2671 Hebeh the Grappler (level 9, 0/88 HPs)
             Began as a Troll Berserker on July 8, 2018.
             Was an Elder of Trog.
             Shot with an arrow by a centaur (9 damage)
             ... on level 7 of the Dungeon.
             The game lasted 00:18:51 (5681 turns).

Hebeh the Grappler (Troll Berserker)                Turns: 5681, Time: 00:18:52

Health: 0/88       AC:  6    Str: 28    XL:     9   Next: 37%
Magic:  0/8        EV: 12    Int:  3    God:    Trog [****..]
Gold:   569        SH:  0    Dex: 11    Spells: 8/8 levels left

rFire    + . .     SeeInvis .     - Unarmed
rCold    . . .     Gourm    +   (no shield)
rNeg     . . .     Faith    .   a - +1 animal skin
rPois    .         Spirit   +   (helmet restricted)
rElec    .         Reflect  .   (no cloak)
rCorr    +         Harm     .   (gloves unavailable)
MR       .....                  (boots unavailable)
Stlth    +.........             y - amulet of guardian spirit
HPRegen  0.64/turn              E - ring of resist corrosion
MPRegen  0.11/turn              z - ring of protection from fire

@: no status effects
A: large, unfitting armour, claws 3, fast metabolism 3, gourmand, regeneration
1, shaggy fur 1, tough skin 2
a: Berserk, Trog's Hand, Brothers in Arms, Renounce Religion


You were on level 7 of the Dungeon.
You worshipped Trog.
Trog was greatly pleased with you.
You were completely stuffed.

You visited 1 branch of the dungeon, and saw 7 of its levels.

You collected 569 gold pieces.

Inventory:

Armour
 a - a +1 animal skin (worn)
Jewellery
 r - an uncursed ring of protection from cold
 y - an amulet of guardian spirit (around neck)
 z - a ring of protection from fire (right claw)
 E - a ring of resist corrosion (left claw)
 F - an uncursed ring of flight
Wands
 t - a wand of flame (48)
 u - a wand of enslavement (2)
 A - a wand of iceblast (12)
Scrolls
 d - a scroll of teleportation
 g - a scroll of blinking
 m - a scroll of enchant armour
 n - 2 scrolls of identify
 p - a scroll of remove curse
 v - a scroll of fog
Potions
 c - 2 potions of agility
 e - a potion of invisibility
 f - a potion of resistance {unknown}
 h - a potion of heal wounds
 i - 5 potions of curing
 j - 3 potions of lignification
 k - a potion of brilliance
 l - a potion of haste {unknown}
 q - 3 potions of ambrosia
 w - a potion of flight
Comestibles
 b - 21 rations
 o - 6 chunks of flesh


   Skills:
 + Level 5.2 Fighting
 + Level 5.0 Throwing
 + Level 5.3 Dodging
 * Level 8.6 Unarmed Combat
 + Level 1.2 Evocations


You had 8 spell levels left.
You didn't know any spells.
Your spell library was empty.

Dungeon Overview and Level Annotations

Branches:
Dungeon (7/15)             Temple (0/1) D:6

Altars:
Dithmenos
Elyvilon
Fedhas
Gozag
Hepliaklqana
Uskayaw
Xom

Shops:
D:4 %   D:6 (


Innate Abilities, Weirdness & Mutations

You are too large for most types of armour.
You have claws for hands.
Your metabolism is lightning-fast.
You like to eat raw meat.
Your natural rate of healing is unusually fast.
You are covered in fur. (AC +1)
You have very tough skin. (AC +2)


Message History

The arrow barely misses you.
The centaur shoots an arrow.
The arrow hits you!
You see here 2 arrows.
The centaur shoots an arrow.
The arrow hits you!
The centaur shoots an arrow.
The arrow barely misses you.
The centaur shoots an arrow.
The arrow hits you.
You see here 3 arrows.
The centaur shoots an arrow.
The arrow hits you!
* * * LOW HITPOINT WARNING * * *
You see here 3 arrows.
The centaur shoots an arrow.
The arrow misses you.
The centaur shoots an arrow.
The arrow hits you.
* * * LOW HITPOINT WARNING * * *
You see here 3 arrows.
The centaur shoots an arrow.
The arrow hits you.
* * * LOW HITPOINT WARNING * * *
The centaur shoots an arrow.
The arrow closely misses you.
The centaur shoots an arrow.
The arrow hits you!
* * * LOW HITPOINT WARNING * * *
You see here 5 arrows.
The centaur shoots an arrow.
The arrow hits you!
You die...

... #..#
#.....#
#.# #.##
#####.#
#. #.#.#
#[#
..##.#.##
#.#
#..#.#((#
#.#
≈≈≈≈≈≈≈(#
#.#
≈≈≈≈≈≈≈(#
#.#
≈≈≈≈≈≈≈(#
#(#
≈≈≈≈≈≈≈@#
#)#
≈c≈≈≈≈≈(#
#)#
.c≈≈≈≈≈(#
#.#
..≈≈≈≈≈(#
####.#
..≈≈≈≈≈(#
#....#
≈≈≈≈≈≈≈##
#.####
≈≈≈≈≈≈≈
#.#
≈≈≈≈≈≈≈
#.###
≈≈≈≈≈≈≈
#...#


You could see 2 centaurs.

Vanquished Creatures
  A spriggan (D:7)
  Sigmund (D:3)
  Edmund (D:6)
  An ice beast (D:7)
  3 orc warriors (D:7)
  A phantom (D:4)
  An ogre (D:6)
  2 centaurs
  5 bullfrogs
  A water moccasin skeleton (D:6)
  3 scorpions (D:4)
  3 howler monkeys
  A crimson imp (D:5)
  A bullfrog zombie (D:6)
  4 hounds
  A gnoll shaman (D:4)
  6 orc priests
  Ijyb (D:3)
  3 orc wizards
  6 worker ants
  A hound zombie (D:7)
  A hound skeleton (D:4)
  8 gnolls
  3 adders
  2 oozes
  An adder skeleton (D:6)
  4 worms
  3 dart slugs
  4 leopard geckos
  23 orcs
  2 ball pythons
  7 giant cockroaches
  5 goblins
  3 hobgoblins
  4 jackals (D:4)
  3 kobolds (D:2)
  3 quokkas
  8 bats
  8 frilled lizards
  A jackal skeleton (D:5)
  A leopard gecko skeleton (D:7)
  10 rats
151 creatures vanquished.

Notes
Turn   | Place    | Note
-------+----------+-------------------------------------------
     0 | D:1      | Hebeh the Troll Berserker began the quest for the Orb.
     0 | D:1      | Reached XP level 1. HP: 22/22 MP: 0/0
    54 | D:1      | Reached XP level 2. HP: 26/29 MP: 1/1
   421 | D:1      | Reached XP level 3. HP: 36/36 MP: 2/2
   766 | D:2      | Reached skill level 1 in Throwing
   941 | D:2      | Reached ** piety under Trog
  1329 | D:2      | Found an opulent altar of Gozag.
  1727 | D:3      | Noticed Sigmund
  1729 | D:3      | Found a white marble altar of Elyvilon.
  1729 | D:3      | Found a hazy altar of Hepliaklqana.
  1739 | D:3      | Killed Sigmund
  1739 | D:3      | Reached skill level 4 in Unarmed Combat
  1739 | D:3      | Reached XP level 4. HP: 28/45 MP: 3/3
  1739 | D:3      | Reached XP level 5. HP: 33/53 MP: 4/4
  1798 | D:3      | Found a shadowy altar of Dithmenos.
  2031 | D:3      | Noticed Ijyb
  2045 | D:3      | Killed Ijyb
  2106 | D:3      | Found a blossoming altar of Fedhas.
  2499 | D:4      | Reached XP level 6. HP: 57/61 MP: 5/5
  2566 | D:4      | Found a shimmering altar of Xom.
  2602 | D:4      | Found a hide-covered altar of Uskayaw.
  2623 | D:4      | Reached skill level 5 in Unarmed Combat
  2628 | D:4      | Found Raocw's Food Shop.
  2699 | D:4      | Reached *** piety under Trog
  2789 | D:4      | Reached XP level 7. HP: 68/68 MP: 6/6
  2944 | D:4      | Reached skill level 6 in Unarmed Combat
  3125 | D:5      | Entered Level 5 of the Dungeon
  3458 | D:5      | Received a gift from Trog
  3461 | D:5      | Reached XP level 8. HP: 61/78 MP: 7/7
  4035 | D:6      | Reached skill level 7 in Unarmed Combat
  4331 | D:6      | Found Hiutusix's Antique Weapon Emporium.
  4632 | D:6      | Found a staircase to the Ecumenical Temple.
  4702 | D:6      | Noticed Edmund
  4714 | D:6      | Killed Edmund
  4714 | D:6      | Reached skill level 8 in Unarmed Combat
  4941 | D:6      | Reached skill level 5 in Dodging
  5023 | D:7      | Reached XP level 9. HP: 83/87 MP: 8/8
  5054 | D:7      | Reached skill level 5 in Fighting
  5289 | D:7      | Reached **** piety under Trog
  5429 | D:7      | Reached skill level 1 in Evocations
  5575 | D:7      | Reached skill level 5 in Throwing
  5681 | D:7      | Shot with an arrow by a centaur

Vault maps used:
D:1:      ncdulo_halloftheorcs
D:2:      cheibrodos_helix_gallery, overflow_temple_1_default
D:3:      nicolae_overflow_hidden_temple, fedhas_altar_4, first_ration,
          uniq_sigmund, uniq_ijyb
D:4:      grunt_temple_overflow_open, serial_shops, shop, serial_park_tiny_1
D:5:      roderic_lattice_a
D:6:      temple_hall, serial_shops, shop_coins, grunt_decor_clamped,
          uniq_edmund
D:7:      nicolae_whirlpool, kennysheep_mini_moat, supply_closet_lemuel,
          the_bakery, trog_wizard

Skill      XL: |  1  2  3  4  5  6  7  8  9 |
---------------+----------------------------+-----
Throwing       | 2 3 4 5 |  5.0
Fighting       | 3 4 5 |  5.2
Dodging        | 3 4 5 |  5.3
Unarmed Combat | 4 5 6 8 |  8.6
Evocations     | 1 |  1.2

Action                   |  1- 3 |  4- 6 |  7- 9 || total
-------------------------+-------+-------+-------++-------
Melee: Unarmed           |   102 |    99 |   231 ||   432
       Punch             |       |     5 |     7 ||    12
Invok: Trog's Hand       |       |       |     1 ||     1
  Use: Potion            |       |       |     3 ||     3
       Scroll            |       |       |    20 ||    20
 Stab: Sleeping          |       |       |     2 ||     2
  Eat: Chunk             |    21 |    10 |    27 ||    58
Armor: Animal skin       |    42 |    22 |    46 ||   110
Dodge: Dodged            |    52 |    53 |   119 ||   224

Table legend:
 A = Spawn XP
 B = Non-spawn XP
 C = Spawn XP percentage of total XP
 D = Spawn monster count
 E = Non-spawn monster count
 F = Spawn count percentage of total count
 G = Total turns spent on level
                    A         B        C        D         E        F      G
               +---------+---------+-------+---------+---------+-------+---------
         Total |       0 |    3816 |   0.0 |       0 |     151 |   0.0 |  5681
               +---------+---------+-------+---------+---------+-------+---------
           D:1 |       0 |      48 |   0.0 |       0 |      26 |   0.0 |   732
           D:2 |       0 |      36 |   0.0 |       0 |      15 |   0.0 |   779
           D:3 |       0 |     284 |   0.0 |       0 |      15 |   0.0 |   978
           D:4 |       0 |     745 |   0.0 |       0 |      30 |   0.0 |   636
           D:5 |       0 |     594 |   0.0 |       0 |      25 |   0.0 |   902
           D:6 |       0 |    1087 |   0.0 |       0 |      18 |   0.0 |   987
           D:7 |       0 |    1022 |   0.0 |       0 |      22 |   0.0 |   667
               +---------+---------+-------+---------+---------+-------+---------
